details: 'ally grubfingers'

« prev index next »

General information

Mini Map

Players

team 1
Random» OrcNooblarOnDeManD (teal | 126 APM | 2758 actions | 21:52)
Hero icon 3 Blademaster
Ability icon 1 Wind Walk
Ability icon 2 Critical Strike
Hero icon 3 Tauren Chieftain
Ability icon 2 War Stomp
Ability icon 1 Endurance Aura
Hero icon 1 Shadow Hunter
Ability icon 1 Healing Wave
Hero icon 1 Archmage
Ability icon 1 Summon Water Elemental

» actions
Assign group hotkey10
Basic commands35
Build / train79
Enter build submenu18
Enter hero's abilities submenu9
Give item / drop item4
Right click980
Select / deselect309
Select group hotkey1215
Use ability99
2758 total
» units
Peon15
Wind Rider5
Goblin Shredder1
Goblin Zeppelin1
Troll Witch Doctor2
24 total
» upgrades
Ranged Weapons3
Armor2
Shaman Training2
Witch Doctor Training2
Envenomed Spears1
10 total
» buildings
Altar of Storms1
Orc Burrow7
Voodoo Lounge1
War Mill1
Great Hall4
Stronghold1
Beastiary3
Fortress1
Spirit Lodge2
21 total
» build order
00:09 Altar of Storms
00:12 Orc Burrow
00:24 Voodoo Lounge
01:04 War Mill
03:38 Great Hall
04:28 Stronghold
04:50 Orc Burrow
04:51 Orc Burrow
04:52 Orc Burrow
07:29 Beastiary
07:30 Beastiary
07:31 Beastiary
09:29 Fortress
09:31 Spirit Lodge
09:32 Spirit Lodge
12:15 Orc Burrow
13:03 Great Hall
14:11 Orc Burrow
15:17 Orc Burrow
19:07 Great Hall
21:20 Great Hall
» items
Lesser Clarity Potion8
Healing Salve3
Circlet of Nobility13
Scroll of Town Portal2
Orb of Lightning4
30 total
Random» Orcbannedfromwc3 (green | 77 APM | 1768 actions | 22:58)
Hero icon 3 Blademaster
Ability icon 2 Wind Walk
Ability icon 1 Critical Strike
Hero icon 4 Archmage
Ability icon 2 Blizzard
Ability icon 1 Brilliance Aura
Ability icon 1 Summon Water Elemental

» actions
Assign group hotkey56
Basic commands153
Build / train107
ESC pressed11
Enter build submenu36
Enter hero's abilities submenu7
Give item / drop item6
Right click676
Select / deselect219
Select group hotkey387
Use ability110
1768 total
» units
Peon16
Peasant18
Goblin Shredder2
Wind Rider6
Troll Batrider2
Shaman2
Troll Witch Doctor2
Gryphon Rider12
Raider2
62 total
» upgrades
Witch Doctor Training2
Shaman Training2
Envenomed Spears2
Armor3
Swords3
Reinforced Defenses1
Ranged Weapons1
Storm Hammers1
Animal War Training1
16 total
» buildings
Altar of Storms1
Orc Burrow8
War Mill1
Voodoo Lounge1
Farm11
Lumber Mill1
Stronghold2
Watch Tower1
Great Hall2
Town Hall1
Fortress1
Keep3
Spirit Lodge2
Beastiary2
Blacksmith2
Castle1
Gryphon Aviary5
Barracks1
46 total
» build order
00:07 Altar of Storms
00:12 Orc Burrow
00:54 War Mill
01:02 Voodoo Lounge
02:18 Farm
02:23 Lumber Mill
02:41 Farm
02:55 Stronghold
02:56 Stronghold
03:00 Watch Tower
03:02 Orc Burrow
03:27 Farm
04:15 Great Hall
05:31 Town Hall
06:01 Fortress
06:28 Keep
06:28 Keep
06:32 Spirit Lodge
06:33 Spirit Lodge
06:37 Beastiary
06:37 Beastiary
06:46 Orc Burrow
06:46 Orc Burrow
07:59 Blacksmith
08:00 Blacksmith
08:17 Orc Burrow
09:30 Castle
10:03 Gryphon Aviary
10:03 Gryphon Aviary
10:04 Gryphon Aviary
10:11 Gryphon Aviary
10:13 Gryphon Aviary
10:16 Farm
10:17 Farm
10:17 Farm
10:17 Farm
10:17 Farm
10:20 Farm
10:21 Farm
10:21 Farm
11:23 Barracks
13:48 Great Hall
13:50 Orc Burrow
14:00 Orc Burrow
» items
Healing Salve4
Lesser Clarity Potion2
Boots of Speed1
Scroll of Town Portal1
Orb of Lightning1
9 total
HumanDaStrongSurvive (purple | 47 APM | 990 actions | 20:51)
Hero icon 5 Paladin
Ability icon 3 Devotion Aura
Ability icon 2 Divine Shield

» actions
Assign group hotkey21
Build / train70
ESC pressed1
Enter build submenu24
Enter hero's abilities submenu5
Give item / drop item1
Right click500
Select / deselect154
Select group hotkey167
Use ability47
990 total
» units
Peasant22
Rifleman14
Priest7
43 total
» upgrades
Gunpowder3
Armor3
Masonry1
Long Rifles1
Lumber Harvesting1
Priest Training2
11 total
» buildings
Lumber Mill1
Farm15
Altar of Kings1
Barracks2
Blacksmith1
Town Hall1
Keep1
Arcane Vault1
Castle1
Arcane Sanctum2
26 total
» build order
00:10 Lumber Mill
00:34 Farm
00:50 Altar of Kings
00:57 Farm
01:10 Barracks
02:01 Blacksmith
02:26 Farm
02:52 Farm
03:25 Farm
03:27 Farm
03:53 Farm
05:35 Town Hall
06:42 Keep
07:28 Arcane Vault
07:48 Farm
07:50 Farm
07:59 Barracks
08:52 Farm
08:56 Farm
09:03 Farm
09:06 Farm
09:10 Castle
09:18 Farm
10:00 Arcane Sanctum
10:06 Arcane Sanctum
12:48 Farm
» items
Scroll of Healing1
Scroll of Protection1
Scroll of Town Portal2
Orb of Fire1
Scroll of Regeneration1
Potion of Healing1
7 total
HumanIPWNYOUALL (orange | 5 APM | 9 actions | 01:56)

» actions
Enter build submenu1
Right click3
Select / deselect4
Use ability1
9 total
» buildings
Altar of Kings1
1 total
» build order
00:29 Altar of Kings
team 2
Random» Humanoliver (yellow | 74 APM | 1691 actions | 22:58)
Hero icon 5 Archmage
Ability icon 3 Blizzard
Ability icon 2 Brilliance Aura
Hero icon 5 Paladin
Ability icon 3 Holy Light
Ability icon 2 Divine Shield
Hero icon 5 Mountain King
Ability icon 3 Storm Bolt
Ability icon 2 Bash

» actions
Assign group hotkey26
Build / train94
Enter build submenu28
Enter hero's abilities submenu15
Give item / drop item1
Right click644
Select / deselect419
Select group hotkey346
Use ability118
1691 total
» units
Peasant30
Gryphon Rider12
Dragonhawk Rider2
44 total
» upgrades
Masonry3
Lumber Harvesting2
Swords3
Armor3
Storm Hammers1
Animal War Training1
Cloud1
14 total
» buildings
Altar of Kings1
Farm13
Lumber Mill1
Arcane Vault1
Scout Tower3
Guard Tower2
Town Hall1
Keep1
Blacksmith1
Castle1
Arcane Tower1
Gryphon Aviary3
Barracks1
30 total
» build order
00:46 Altar of Kings
00:49 Farm
01:01 Lumber Mill
01:22 Farm
02:01 Arcane Vault
02:04 Farm
02:10 Scout Tower
02:41 Guard Tower
04:30 Town Hall
04:32 Keep
04:38 Scout Tower
05:07 Guard Tower
05:09 Farm
06:12 Blacksmith
07:30 Castle
07:34 Scout Tower
08:05 Arcane Tower
08:07 Gryphon Aviary
08:10 Gryphon Aviary
08:14 Gryphon Aviary
10:01 Farm
10:07 Farm
10:09 Farm
10:12 Farm
10:53 Farm
10:56 Farm
11:54 Farm
11:57 Farm
12:36 Farm
12:39 Barracks
» items
Scroll of Regeneration4
Lesser Clarity Potion1
Scroll of Town Portal1
6 total
NightElfiFailPrettyHard (pink | 72 APM | 1650 actions | 22:58)
Hero icon 7 Demon Hunter
Ability icon 3 Immolation
Ability icon 3 Evasion
Ability icon 1 Metamorphosis

» actions
Assign group hotkey484
Basic commands8
Build / train62
Enter build submenu17
Enter hero's abilities submenu7
Right click632
Select / deselect307
Select group hotkey82
Use ability50
1650 total
» units
Wisp17
Archer12
Hippogryph12
41 total
» upgrades
Improved Bows1
Strength of the Moon2
Moon Armor2
Hippogryph Taming1
Strength of the Wild2
Reinforced Hides2
Well Spring1
11 total
» buildings
Moon Well6
Altar of Elders1
Ancient of War2
Tree of Ages1
Hunter's Hall2
Ancient of Wind2
Tree of Life2
Tree of Eternity1
17 total
» build order
00:20 Moon Well
01:24 Moon Well
01:37 Altar of Elders
01:50 Ancient of War
01:52 Ancient of War
02:56 Moon Well
03:23 Moon Well
03:25 Tree of Ages
05:29 Moon Well
05:30 Moon Well
06:34 Hunter's Hall
06:36 Hunter's Hall
07:15 Ancient of Wind
07:19 Ancient of Wind
14:11 Tree of Life
16:30 Tree of Eternity
21:52 Tree of Life
OrcObamaLies (blue | 44 APM | 1021 actions | 22:58)
Hero icon 5 Tauren Chieftain
Ability icon 2 War Stomp
Ability icon 3 Endurance Aura
Hero icon 3 Shadow Hunter
Ability icon 2 Hex
Ability icon 1 Healing Wave

» actions
Assign group hotkey46
Basic commands1
Build / train68
ESC pressed1
Enter build submenu17
Enter hero's abilities submenu8
Give item / drop item2
Right click291
Select / deselect241
Select group hotkey300
Use ability46
1021 total
» units
Peon7
Grunt9
Troll Headhunter/Berserker7
Troll Witch Doctor5
Shaman4
Tauren6
38 total
» upgrades
Melee Weapons2
Spiked Barricades1
Armor2
Berserker Strength1
Troll Regeneration1
Pillage1
Witch Doctor Training2
Shaman Training2
Reinforced Defenses1
Berserker Upgrade1
Pulverize1
15 total
» buildings
Orc Burrow10
Altar of Storms1
Barracks1
War Mill1
Voodoo Lounge1
Stronghold1
Spirit Lodge1
Fortress1
Tauren Totem1
18 total
» build order
00:10 Orc Burrow
00:24 Altar of Storms
00:45 Barracks
01:32 Orc Burrow
02:14 War Mill
02:38 Voodoo Lounge
03:15 Orc Burrow
04:17 Stronghold
05:12 Orc Burrow
06:03 Orc Burrow
07:28 Spirit Lodge
08:21 Orc Burrow
08:23 Fortress
08:59 Orc Burrow
11:32 Tauren Totem
12:02 Orc Burrow
13:50 Orc Burrow
15:28 Orc Burrow
» items
Scroll of Town Portal2
Orb of Lightning1
3 total
Orcsimmsp (red | 45 APM | 1035 actions | 22:58)
Hero icon 5 Blademaster
Ability icon 1 Wind Walk
Ability icon 3 Critical Strike
Ability icon 1 Mirror Image
Hero icon 2 Shadow Hunter
Ability icon 1 Healing Wave
Ability icon 1 Serpent Ward

» actions
Build / train82
Enter build submenu18
Enter hero's abilities submenu7
Remove unit from queue2
Right click518
Select / deselect316
Use ability92
1035 total
» units
Peon9
Grunt4
Raider3
Shaman3
Troll Witch Doctor4
Goblin Shredder1
Kodo Beast1
Troll Batrider17
42 total
» upgrades
Pillage1
Armor2
Melee Weapons2
Spiked Barricades2
Berserker Strength1
Ensnare1
Shaman Training2
Witch Doctor Training2
Liquid Fire1
War Drums Damage Increase1
Ranged Weapons1
16 total
» buildings
Altar of Storms1
Orc Burrow7
Barracks1
War Mill1
Voodoo Lounge1
Stronghold1
Watch Tower3
Fortress1
Spirit Lodge2
Beastiary1
19 total
» build order
00:10 Altar of Storms
00:14 Orc Burrow
01:26 Barracks
01:30 Orc Burrow
01:55 War Mill
02:23 Voodoo Lounge
04:06 Stronghold
04:47 Orc Burrow
04:51 Watch Tower
05:00 Watch Tower
05:34 Orc Burrow
06:05 Watch Tower
07:21 Fortress
07:24 Spirit Lodge
07:29 Beastiary
07:33 Spirit Lodge
11:19 Orc Burrow
14:36 Orc Burrow
18:38 Orc Burrow
» items
Lesser Clarity Potion4
Scroll of Speed1
Healing Salve3
Orb of Lightning2
Scroll of Town Portal1
11 total

Chat log

(00:12 / All) IPWNYOUALL: hey guys how u doing
(00:26 / Allies) DaStrongSurvive: good
(00:44 / All) IPWNYOUALL: thats good i suck this is my 1 game
(01:12 / All) IPWNYOUALL: so if i suck thats why lol
(01:24 / Allies) bannedfromwc3: why would you make that username then
(01:33 / Allies) bannedfromwc3: you should have madethe username "IMACHATTYNOOB"
(01:45 / Allies) DaStrongSurvive: lol
(01:56 / All) IPWNYOUALL: lol
(02:01 / Allies) bannedfromwc3: good
(02:07 / Allies) DaStrongSurvive: got him?
(02:10 / Allies) bannedfromwc3: ya

(03:31 / Allies) bannedfromwc3: if youre using him take him all the way
(03:34 / Allies) bannedfromwc3: im not splitting control1
(03:40 / Allies) DaStrongSurvive: nah
(03:42 / Allies) DaStrongSurvive: u can have
(04:23 / Allies) bannedfromwc3: wat units u guys goning

(07:01 / All) NooblarOnDeManD: U REALLY GONNA RING THE BELL BEFORE U SEE ME?
(07:11 / All) oliver: >loll i was going to creep

(08:48 / Allies) NooblarOnDeManD: AM
(09:12 / All) oliver: lol
(09:20 / Allies) NooblarOnDeManD: HEAL ME PURP
(09:21 / All) bannedfromwc3: he wasnt kidding iwth that username
(09:22 / All) bannedfromwc3: lmao
(09:32 / All) oliver: indeed
(09:33 / Allies) DaStrongSurvive: no heal sorry
(09:45 / Allies) DaStrongSurvive: creep somethiung
(10:18 / Allies) NooblarOnDeManD: YELLOW IS GONNA MASS TANKS
(10:36 / Allies) bannedfromwc3: what is that
(10:38 / Allies) bannedfromwc3: a wild guess?
(10:48 / Allies) NooblarOnDeManD: KIND OF
(10:52 / Allies) NooblarOnDeManD: NOT TO MENTION HIS BUILD

(11:55 / Allies) NooblarOnDeManD: GOLD PLZ?
(11:57 / Allies) NooblarOnDeManD: SPEND OJS GOLD DAM
(12:00 / Allies) NooblarOnDeManD: BUILD HIM RIGHT
(12:14 / Allies) bannedfromwc3: at this point if you guys fuck wiht his stuff im bsing
(12:26 / Allies) NooblarOnDeManD: SPEND HIS GOLD DAMMIT
(12:54 / Allies) DaStrongSurvive: lets hit

(13:55 / Allies) DaStrongSurvive: lets hit
(14:07 / Allies) DaStrongSurvive: stay together plz
(14:56 / Allies) bannedfromwc3: wow
(14:58 / Allies) bannedfromwc3: you couldnt resist
(15:01 / Allies) bannedfromwc3: you trained water elemental
(15:03 / Allies) bannedfromwc3: bsing.
(15:11 / Allies) NooblarOnDeManD: LOVLEY
(15:13 / Allies) NooblarOnDeManD: GJ PRUP
(16:02 / Allies) DaStrongSurvive: dude stop
(16:08 / Allies) bannedfromwc3: go fuck yourself whoever it was
(16:14 / Allies) DaStrongSurvive: it wasnt me shit
(16:20 / Allies) bannedfromwc3: sorry i have no way of telling
(16:22 / Allies) bannedfromwc3: you all have to pay
(16:26 / All) simmsp: killl him!!!!
(16:27 / Allies) DaStrongSurvive: come on man
(16:31 / Allies) DaStrongSurvive: just win
(16:39 / Allies) bannedfromwc3: nope
(16:44 / Allies) bannedfromwc3: whoever did it knew what they were asking for
(16:50 / Allies) NooblarOnDeManD: IT WAS PURP
(16:54 / Allies) NooblarOnDeManD: NOW QUIT BIENG A MORON
(16:56 / Allies) bannedfromwc3: didnt ask
(16:57 / Allies) bannedfromwc3: dont care
(17:17 / Allies) bannedfromwc3: every time i manage a leavewr this happens
(17:22 / Allies) bannedfromwc3: i do allt he work building an army
(17:24 / Allies) bannedfromwc3: then some faggot noob
(17:30 / Allies) bannedfromwc3: sees its worlds better
(17:34 / Allies) bannedfromwc3: than his own shitty tier 1 crapfest
(17:36 / Allies) bannedfromwc3: and fucks iwht it
(17:57 / All) bannedfromwc3: dismount nooby dogfucker

(20:49 / Allies) DaStrongSurvive: gratz on beng the worlds biggest FAG FAG FAGGOT BITCH ASS MOTHER FUCKER!!!!
(21:01 / Allies) bannedfromwc3: now to watch replay
(21:01 / Allies) NooblarOnDeManD: UR A NOOB GREEN
(21:03 / Allies) bannedfromwc3: and see who did it
(21:10 / Allies) NooblarOnDeManD: GJ TOTALLY SUKCING DICK
(21:14 / Allies) NooblarOnDeManD: UR HORRIBLE WITH OJ ANY WHO
(21:33 / Allies) bannedfromwc3: yeah thats why you couldnt keep your grubby hands off his hero after i rocketed it to level 6
(21:51 / All) NooblarOnDeManD: GG GREEN WAS A FUCKIN GNOOB
(22:03 / All) bannedfromwc3: i told them they could either keep their noob fingers off the leaver
(22:08 / All) bannedfromwc3: and let me manage it
(22:13 / All) bannedfromwc3: or do it all themselves
(22:18 / All) bannedfromwc3: and in typical noob fashion
(22:23 / All) bannedfromwc3: they agreed until i had him maxed out
(22:33 / All) bannedfromwc3: and suddenly playing iwht his army was a lot funner than thier own shit tier 1